 Dungeon Crawl Stone Soup version 0.31-a0-1549-g5ff9445e89 (webtiles) character file.

Game seed: 12186537779836786778

96 Xavori the Trooper (level 4, 0/34 (35) HPs)
             Began as a Djinni Chaos Knight on Jan 2, 2024.
             Was a Plaything of Xom.
             Killed from afar by a white imp (6 damage)
             ... with a puff of frost
             ... summoned by Xom
             ... on level 3 of the Dungeon.
             The game lasted 00:02:18 (5632 turns).

Xavori the Trooper (Djinni Chaos Knight)            Turns: 5632, Time: 00:02:19

HP:   0/34 (35)     AC:  8    Str: 11      XL:     4   Next: 98%
Gold: 127           EV: 12    Int: 14      God:    Xom [.*....] SH:  0 Dex: 10 (14)

rFire   + . .        a - +0 falchion (chaos)
rCold   . . .        (no shield)
rNeg    . . .        b - +2 leather armour
rPois   ∞            (no helmet)
rElec   .            m - +0 cloak
rCorr   .            (no gloves)
SInv    .            (boots unavailable)
Will    .....        (no amulet)
Stlth   +            f - ring of ice
HPRegen 0.25/turn    (no ring)
MPRegen 0.00/turn

%: infuse magic (-1 HP)
@: flying, lightly drained
A: sickness immunity, fire resistance 2, cold vulnerability 1, float, innate
caster, HP casting, extra vitality 1, iridescent scales 1, deterioration 1,
MP-powered wands
a: Renounce Religion


You were on level 3 of the Dungeon.
You worshipped Xom.
You were a plaything of Xom.
You visited 1 branch of the dungeon, and saw 4 of its levels.

You collected 127 gold pieces.

Inventory:

Hand Weapons
 a - a +0 falchion of chaos (weapon)
Armour
 b - a +2 leather armour (worn)
 m - a +0 cloak (worn)
Jewellery
 f - a ring of ice (left hand)
Scrolls
 c - a scroll of butterflies
 e - a scroll of brand weapon {unknown}
 g - a scroll of fear {unknown}
 j - a scroll of identify {unknown}
 k - a scroll of enchant armour {unknown}
Potions
 d - a potion of ambrosia {unknown}
 h - 3 potions of brilliance {unknown}
 i - 2 potions of mutation {unknown}
 l - a potion of cancellation {unknown}


   Skills:
 + Level 3.4 Fighting
 + Level 3.1 Long Blades
 + Level 1.8 Armour
 + Level 2.8 Dodging
 * Level 1.6 Spellcasting
 * Level 1.6 Conjurations
 * Level 1.6 Hexes
   Level 0.0 Charms
 * Level 1.6 Summonings
 * Level 1.6 Necromancy
 * Level 1.6 Translocations
   Level 0.0 Transmutations
 * Level 1.6 Fire Magic
 * Level 1.6 Ice Magic
 * Level 1.6 Air Magic
 * Level 1.6 Earth Magic
 * Level 1.6 Alchemy


You knew the following spells:

 Your Spells              Type           Power      Damage    Failure   Level
a - Summon Small Mammal   Summ           20%        N/A       17%         1
Your spell library was empty.

Dungeon Overview and Level Annotations

Branches:
Dungeon (4/15)
 Temple: D:4-7

Altars:
Elyvilon
Gozag
Ru

Shops:
D:1 (


Innate Abilities, Weirdness & Mutations

You are immune to sickness and miasma.
You are immune to poison.
Your flesh is very heat resistant. (rF++)
You are vulnerable to cold. (rC-)
You float through the air rather than walking.
You learn spells naturally, not from books.
Your magical power is your life essence.
You have superior vitality. (+4 MHP)
You are partially covered in iridescent scales. (AC +2)
Your body sometimes deteriorates upon taking damage.
You expend health (3 HP) to strengthen your wands.


Message History

The white imp gestures at you. The puff of frost hits you!
A shower of butterflies erupts from you!
You hit the white imp but do no damage.
The white imp seems to slow down.
The white imp is moderately wounded.
The white imp is no longer moving slowly.
The white imp's magic is no longer disrupted.
The white imp barely misses you.
You hit the white imp but do no damage.
The white imp is moderately wounded.
The white imp closely misses you.
You barely miss the white imp.
The white imp is moderately wounded.
The white imp hits you but does no damage. x2
You hit the white imp.
The white imp is severely wounded.
The ufetubus disappears in a puff of smoke!
The white imp closely misses you.
You hit the white imp.
The white imp is almost dead.
The white imp gestures at you. The puff of frost hits you!
* * * LOW HITPOINT WARNING * * *
Your body deteriorates!
You feel clumsy.
You barely miss the white imp.
The white imp is almost dead.
The white imp closely misses you.
You completely miss the white imp.
The white imp is almost dead.
The white imp hits you but does no damage.
You barely miss the white imp.
The white imp is almost dead.
The white imp hits you but does no damage.
You barely miss the white imp.
The white imp is almost dead.
The white imp closely misses you. The white imp gestures at you.
The puff of frost hits you.
You die...
Xom yawns loudly!

.......# ... #.#
.......# #'# #.#
.......# #.# #.#
....)..# ###'###.#
##...5## #....##.#
#..##.# #....##.#
..###.####..5.'.b#
!# #........5##5#
. ######.#####@# .
## #### #.#
###8###_### ##b#
##8...8...8##.b.#
##.........###.##
#_.........>#..#
##.......|.#####
##8...8...8###
###8###_###


You could see a white imp (summoned, ally target).

Vanquished Creatures
  Crazy Yiuf (D:2)
  An adder (D:2)
  5 dart slugs
  3 ribbon worms
  A bat (D:2)
  10 endoplasms
  4 goblins
  4 hobgoblins
  A quokka (D:1)
  2 ball pythons (D:2)
  3 frilled lizards
  4 kobolds
  2 rats
41 creatures vanquished.

Notes
Turn   | Place    | Note
-------+----------+-------------------------------------------
     0 | D:1      | Xavori the Djinni Chaos Knight began the quest for the Orb.
     0 | D:1      | Reached XP level 1. HP: 20/20 MP: 0/0
    40 | D:1      | Reached XP level 2. HP: 4/25 MP: 0/0
   177 | D:1      | XOM: silly message
   240 | D:1      | Found Oguluf's Antique Weapon Boutique.
   274 | D:1      | XOM: silly message
   278 | D:1      | XOM: silly message
   421 | D:1      | XOM: silly message
   471 | D:1      | Reached skill level 1 in Spellcasting
   471 | D:1      | Reached skill level 1 in Conjurations
   471 | D:1      | Reached skill level 1 in Hexes
   471 | D:1      | Reached skill level 1 in Summonings
   471 | D:1      | Reached skill level 1 in Necromancy
   471 | D:1      | Reached skill level 1 in Translocations
   471 | D:1      | Reached skill level 1 in Fire Magic
   471 | D:1      | Reached skill level 1 in Ice Magic
   471 | D:1      | Reached skill level 1 in Air Magic
   471 | D:1      | Reached skill level 1 in Earth Magic
   471 | D:1      | Reached skill level 1 in Alchemy
   471 | D:1      | Reached XP level 3. HP: 30/30 MP: 0/0
   471 | D:1      | Learned a level 1 spell: Summon Small Mammal
  1353 | D:1      | XOM: silly message
  1706 | D:1      | XOM: summons 2 hostile demons
  2532 | D:1      | XOM: summons 1 hostile demon
  3018 | D:1      | XOM: stat loss: -1 Int (12/13)
  3550 | D:1      | XOM is BORED!
  3550 | D:1      | XOM: summons 2 hostile demons
  4175 | D:1      | XOM: give mutations
  4175 | D:1      | Gained mutation: Your mind is acute. (Int +4, Str/Dex -1)
                  | [Xom's mischief]
  4175 | D:1      | Gained mutation: You possess an exceptional clarity of
                  | mind. [Xom's mischief]
  4175 | D:1      | Lost mutation: Your mind is acute. (Int +4, Str/Dex -1)
                  | [Xom's mischief]
  4175 | D:1      | Gained mutation: You have supernaturally acute eyesight.
                  | (SInv) [Xom's mischief]
  4177 | D:1      | XOM: give mutations
  4177 | D:1      | Gained mutation: You expend health (3 HP) to strengthen
                  | your wands. [Xom's mischief]
  4177 | D:1      | Lost mutation: You have supernaturally acute eyesight.
                  | (SInv) [Xom's mischief]
  4177 | D:1      | Lost mutation: You possess an exceptional clarity of mind.
                  | [Xom's mischief]
  4177 | D:1      | Gained mutation: You are partially covered in iridescent
                  | scales. (AC +2) [Xom's mischief]
  4273 | D:1      | XOM: stat loss: -1 Int (11/13)
  4498 | D:2      | You are sucked into a shaft and drop 2 floors!
  4514 | D:3      | Found a sacrificial altar of Ru.
  4514 | D:3      | Found a white marble altar of Elyvilon.
  4517 | D:3      | Found an opulent altar of Gozag.
  4649 | D:2      | Reached XP level 4. HP: 35/35 MP: 0/0
  4759 | D:2      | XOM: give mutation
  4759 | D:2      | Gained mutation: Your body sometimes deteriorates upon
                  | taking damage. [Xom's mischief]
  4790 | D:2      | XOM: 6-stop teleportation journey
  4799 | D:2      | XOM: noise
  4821 | D:2      | XOM: 1-stop teleportation journey
  5048 | D:2      | XOM: draining
  5328 | D:2      | Found a runed translucent door.
  5329 | D:2      | Noticed Crazy Yiuf
  5337 | D:2      | Killed Crazy Yiuf
  5549 | D:3      | XOM: confusion (+ monsters)
  5579 | D:3      | XOM: 3-stop teleportation journey
  5596 | D:3      | XOM: summons 3 hostile demons
  5623 | D:3      | XOM: butterfly on damage
  5632 | D:3      | Killed from afar by a white imp

Illustrated notes

Levels and vault maps discovered:
D:1:      tarquinn_simple_flora_water_d, layout_basic, serial_shops, shop,
          serial_bayou_crossing
D:2:      layout_basic, st_stairs_8, minmay_pentomino_pile,
          uniq_crazy_yiuf_cottage
D:3:      layout_basic, nicolae_overflow_hidden_temple, serial_rivers,
          chequers_serial_rivers_room_b, chequers_serial_rivers_small_a,
          chequers_serial_rivers_micro_e, chequers_serial_rivers_micro_b,
          chequers_serial_rivers_micro_a, chequers_serial_rivers_micro_d,
          gammafunk_ghost_split, cheibrodos_gnoll_hut
D:4:      layout_loops_ring, lemuel_round_altar

Skill      XL: |  1  2  3 |
---------------+----------+-----
Spellcasting   | 1 |  1.6
Conjurations   | 1 |  1.6
Hexes          | 1 |  1.6
Summonings     | 1 |  1.6
Necromancy     | 1 |  1.6
Translocations | 1 |  1.6
Fire Magic     | 1 |  1.6
Ice Magic      | 1 |  1.6
Air Magic      | 1 |  1.6
Earth Magic    | 1 |  1.6
Alchemy        | 1 |  1.6
Long Blades    | 3 |  3.1
Fighting       | |  3.4
Armour         | |  1.8
Dodging        | |  2.8

Action                     |  1- 3 |  4- 6 || total
---------------------------+-------+-------++-------
  Melee: Falchion          |    92 |    66 ||   158
         Punch             |     1 |       ||     1
   Stab: Confused          |       |     2 ||     2
         Petrifying        |       |     2 ||     2
 Armour: Leather armour    |    64 |    63 ||   127
  Dodge: Dodged            |    57 |    77 ||   134

Table legend: (Time is in decaauts)
 A = Elapsed time spent in this place.
 B = Non-inter-level travel time spent in this place.
 C = Inter-level travel time spent in this place.
 D = Time resting spent in this place.
 E = Time spent auto-exploring this place.
 F = Levels seen in this place.
 G = Mean time per level.
                   A        B        C        D        E       F      G
               +--------+--------+--------+--------+--------+-----+--------+
         Total |   5658 |   5532 |    126 |   3566 |   1527 |   4 | 1414.5 |
       Dungeon |   5658 |   5532 |    126 |   3566 |   1527 |   4 | 1414.5 |
               +--------+--------+--------+--------+--------+-----+--------+

Top non-repeatable levels by time:
     D:1: 3579 daAuts
     D:2: 1846 daAuts
     D:3: 203 daAuts
     D:4: 28 daAuts
